 Dungeon Crawl Stone Soup version 0.27-a0-650-g8dd3ea4f36 (webtiles) character file.

Game seed: 10306541087611413946

11 dickylongcocking the Sneak (level 2, -7/27 HPs)
             Began as a Deep Dwarf Delver on Mar 16, 2021.
             Mangled by a worm (10 damage)
             ... on level 2 of the Dungeon.
             The game lasted 00:01:03 (683 turns).

dickylongcocking the Sneak (Deep Dwarf Delver)       Turns: 683, Time: 00:01:04

Health: -7/27      AC:  3    Str: 15    XL:     2   Next: 13%
Magic:  2/2        EV: 12    Int: 10    God:
Gold:   19         SH:  0    Dex: 14    Spells: 1/1 levels left

rFire    . . .     SeeInvis .   a - +0 hand axe
rCold    . . .     Faith    .   (no shield)
rNeg     . . .     Spirit   .   b - +0 leather armour
rPois    .         Reflect  .   (no helmet)
rElec    .         Harm     .   (no cloak)
rCorr    .         Rampage  .   (no gloves)
Will     .....                  (no boots)
Stlth    +++.......             (no amulet)
HPRegen  0.00/turn              (no ring)
MPRegen  0.08/turn              (no ring)

@: non-regenerating
A: damage resistance, heal wounds, sense surroundings 1, no regeneration
a: Heal Wounds


You were on level 2 of the Dungeon.
You visited 1 branch of the dungeon, and saw 4 of its levels.

You collected 19 gold pieces.

Inventory:

Hand Weapons
 a - a +0 hand axe (weapon)
Armour
 b - a +0 leather armour (worn)
Scrolls
 c - a scroll of fog
 d - a scroll of magic mapping
 e - a scroll of fear
 i - a scroll of identify {unknown}
Potions
 f - a potion of haste
 h - a potion of invisibility {unknown}


   Skills:
 - Level 2.6 Fighting
 * Level 3.2 Axes
 - Level 2.1 Dodging
 - Level 6.0 Stealth


You had one spell level left.
You didn't know any spells.
Your spell library was empty.

Dungeon Overview and Level Annotations

Branches:
Dungeon (5/15)
 Temple: D:4-7

Altars:


Innate Abilities, Weirdness & Mutations

You are resistant to damage.
You can heal yourself by infusing magical energy.
You passively map a small area around you.
You do not regenerate.


Message History

The jackal barks!
You see here a jackal corpse.
The jackal closely misses you.
You hit the jackal but do no damage. The jackal misses you.
You hit the jackal but do no damage.
The jackal bites you but does no damage. x2
You hit the jackal.
The jackal is almost dead.
The jackal closely misses you.
You closely miss the jackal.
The jackal is almost dead.
The jackal closely misses you. The jackal bites you.
You closely miss the jackal.
The jackal is severely wounded.
The jackal closely misses you. x2
You hit the jackal but do no damage.
The jackal is severely wounded.
The jackal bites you but does no damage.
You hit the jackal.
You kill the jackal!
You start waiting.
A worm is nearby!
A worm is nearby!
A worm is nearby!
Aiming: Dig
Press: ? - help, Shift-Dir - straight line, f - you Please select a direction to dig.
The rock shatters into small pieces.
The now-empty wand crumbles to dust.
You start waiting.
Done waiting.
You start waiting.
Done waiting.
You start waiting.
A worm is nearby!
A worm is nearby!
Found 5 gold pieces.
You hit the worm.
The worm is lightly wounded.
The worm bites you!
You die...

,.. ,* * #...#
... , ,...# *#..
.... ,..# , #.##
.....* #.# ...
.#... #.# .
#.###..... #.####
.##.........
#.##.#
.†...#......
#w#.##
.#)$........
##@## #.#........
##.##
##...#########.##
....>.....###.##
#.........##.##
.............##
.......#####..#
.....§..#####.##
.......#..###..#


You could see a worm.

Vanquished Creatures
  2 giant cockroaches
  3 jackals (D:2)
  A kobold (D:2)
  A bat (D:2)
  A frilled lizard (D:2)
  2 rats (D:2)
10 creatures vanquished.

Notes
Turn   | Place    | Note
-------+----------+-------------------------------------------
     0 | D:5      | dickylongcocking the Deep Dwarf Delver began the quest for
                  | the Orb.
     0 | D:5      | Reached XP level 1. HP: 20/20 MP: 1/1
   122 | D:4      | Noticed an ogre
   264 | D:2      | Reached XP level 2. HP: 5/27 MP: 2/2
   683 | D:2      | Mangled by a worm

Illustrated notes

Levels and vault maps discovered:
D:2:      layout_basic, hex_medium, minmay_fractal_squares_5, uniq_jessica
D:3:      layout_rooms, serial_rivers, chequers_serial_rivers_room_b,
          chequers_serial_rivers_large_a, chequers_serial_rivers_micro_c,
          chequers_serial_rivers_micro_e, chequers_serial_rivers_micro_e,
          chequers_serial_rivers_room_b, serial_bayou_pond_d
D:4:      layout_layer_cave, minmay_temple_entry_nine_rooms, uniq_sigmund
D:5:      layout_loops_ring, lightli_ossuary_entry_decrepit_ruins, uniq_edmund,
          uniq_blork_the_orc

Skill      XL: |  1 |
---------------+----+-----
Axes           | 3 |  3.2
Fighting       | |  2.6
Dodging        | |  2.1
Stealth        | |  6.0

Action                   || total
-------------------------++-------
Melee: Hand axe          ||    40
Evoke: Wand              ||     3
Armor: Leather armour    ||    13
Dodge: Dodged            ||    29

Table legend: (Time is in decaauts)
 A = Elapsed time spent in this place.
 B = Non-inter-level travel time spent in this place.
 C = Inter-level travel time spent in this place.
 D = Time resting spent in this place.
 E = Time spent auto-exploring this place.
 F = Levels seen in this place.
 G = Mean time per level.
                   A        B        C        D        E       F      G
               +--------+--------+--------+--------+--------+-----+--------+
         Total |    688 |    663 |     25 |    335 |     84 |   4 |  172.0 |
       Dungeon |    688 |    663 |     25 |    335 |     84 |   4 |  172.0 |
               +--------+--------+--------+--------+--------+-----+--------+

Top non-repeatable levels by time:
     D:2: 493 daAuts
     D:4: 105 daAuts
     D:5: 87 daAuts
     D:3: 2 daAuts
